 Dungeon Crawl Stone Soup version 0.21-a0-509-gecc5317 (webtiles) character file.

156 BingusPrime the Insei (level 5, 0/34 HPs)
             Began as an Octopode Transmuter on Nov 29, 2017.
             Slain by an orc
             ... wielding a +0 club
              (4 damage)
             ... on level 3 of the Dungeon.
             The game lasted 00:10:42 (2269 turns).

BingusPrime the Insei (Octopode Transmuter)         Turns: 2269, Time: 00:10:43

Health: 0/34       AC:  2    Str:  9    XL:     5   Next: 38%
Magic:  1/8        EV: 20    Int: 15    God:
Gold:   109        SH:  0    Dex: 19    Spells: 5/9 levels left

rFire    . . .     SeeInvis .     - Unarmed
rCold    . . .     Gourm    .   (shield currently unavailable)
rNeg     . . .     Faith    .   (helmet currently unavailable)
rPois    x         Spirit   .   (no amulet)
rElec    .         Reflect  .   (no ring)
rCorr    .         Harm     .   (no ring)
MR       .....                  (no ring)
Stlth    ++........             (no ring)
HPRegen  0.11/turn              (no ring)
MPRegen  0.11/turn              (no ring)
                                (no ring)
                                (no ring)

@: spider-form (expiring)
A: tiny, almost no armour, stealthy swim, (amphibious), 8 rings, (constrict 8)
a: End Transformation


You were on level 3 of the Dungeon.
You were very hungry.
You were a venomous arachnid creature.
You visited 1 branch of the dungeon, and saw 3 of its levels.

You collected 109 gold pieces.

Inventory:

Hand Weapons
 d - a +0 dagger
 g - a +1 dagger of speed (melded)
Missiles
 a - 59 arrows
 f - 74 stones (quivered)
Jewellery
 j - an uncursed ring of positive energy {unknown}
Scrolls
 e - 3 scrolls of identify {unknown}
 h - a scroll of magic mapping {unknown}
 l - a scroll of fear {unknown}
 m - a scroll of remove curse {unknown}
 u - a scroll of fog {unknown}
Potions
 k - a potion of experience {unknown}
 n - a potion of heal wounds {unknown}
 p - a potion of resistance {unknown}
 q - a potion of brilliance {unknown}
 r - a potion of ambrosia {unknown}
 v - a potion of curing {unknown}
Books
 b - a book of Changes

   Spells                             Type                      Level
   a - Beastly Appendage              Transmutation                1
   b - Sticks to Snakes               Transmutation                2
   c - Spider Form                    Transmutation/Poison         3
   d - Ice Form                       Ice/Transmutation            4
   e - Blade Hands                    Transmutation                5
Comestibles
 c - 3 bread rations
 i - 2 royal jellies
 o - 3 fruits
 s - a meat ration


   Skills:
 + Level 1.9 Fighting
 + Level 1.0 Short Blades
 + Level 2.5 Dodging
 + Level 2.1 Stealth
 + Level 3.7 Unarmed Combat
 + Level 2.6 Spellcasting
 + Level 2.6 Transmutations
 + Level 1.2 Poison Magic


You had 5 spell levels left.
You knew the following spells:

 Your Spells              Type           Power        Failure   Level  Hunger
a - Beastly Appendage     Tmut           #.....       19%         1    #......
b - Spider Form           Tmut/Pois      #.........   50%         3    ###....


Dungeon Overview and Level Annotations

Branches:
Dungeon (3/15)

Altars:
Uskayaw


Innate Abilities, Weirdness & Mutations

You cannot wear most types of armour.
You are very stealthy in the water. (Stealth+)
((You are amphibious.))
You can wear up to eight rings at the same time.
((You can use your tentacles to constrict eight enemies at once.))
((Your skin changes colour to match your surroundings (Stealth+).))
((Your rubbery body absorbs attacks. (AC +1, EV +1)))


Message History

Items here: $ ) [ † a trident; a plate armour; 5 gold pieces; an orc corpse The orc misses you.
You hit the orc but do no damage.
The orc is poisoned.
The orc hits you with a flail!
* * * LOW HITPOINT WARNING * * *
The orc closely misses you.
You hit the orc.
The orc is heavily wounded.
The orc barely misses you.
You kill the orc!
Items here: $ ) [ † a trident; a plate armour; 5 gold pieces; an orc corpse You closely miss the orc.
The orc hits you with a club.
* * * LOW HITPOINT WARNING * * *
Your magical contamination has completely faded away.
You hit the orc.
The orc is poisoned.
The orc is moderately wounded.
The orc hits you with a club.
You die...

...........#.#
########.###.#
#.# #.# #.#
#.###.# ####
#.###.....# ..#
#....####.# #.#
####.#
######.########.#
#....).os.##....#
#.###.###.##.####
#. #.##.# ##
#....# ######


You could see an orc.

Vanquished Creatures
  A bullfrog skeleton (D:3)
  4 gnolls
  2 adders (D:3)
  2 worms
  A dart slug (D:1)
  3 leopard geckos
  6 orcs (D:3)
  4 giant cockroaches
  6 goblins
  8 hobgoblins
  4 kobolds
  A quokka (D:2)
  10 bats
  5 frilled lizards
  3 rats
60 creatures vanquished.

Notes
Turn   | Place    | Note
-------+----------+-------------------------------------------
     0 | D:1      | BingusPrime the Octopode Transmuter began the quest for the Orb.
     0 | D:1      | Reached XP level 1. HP: 13/13 MP: 3/3
   102 | D:1      | Reached XP level 2. HP: 11/18 MP: 3/5
   508 | D:1      | Reached XP level 3. HP: 23/23 MP: 4/6
   522 | D:1      | Learned a level 3 spell: Spider Form
   971 | D:2      | Reached skill level 1 in Stealth
  1001 | D:2      | Found a hide-covered altar of Uskayaw.
  1009 | D:2      | Found a faded altar of an unknown god.
  1482 | D:3      | Reached XP level 4. HP: 28/28 MP: 3/7
  1728 | D:3      | Reached skill level 1 in Short Blades
  1969 | D:3      | Reached skill level 1 in Poison Magic
  2067 | D:3      | Reached XP level 5. HP: 33/33 MP: 4/8
  2269 | D:3      | Slain by an orc

Vault maps used:
D:1:      ncdulo_watergridlock, minmay_unequal
D:2:      eat_drink_and_be_merry_uskayaw, first_bread,
          chequers_ecumenical_altar_simple_redux
D:3:      nicolae_qazlal_style_of_elements

Skill      XL: |  1  2  3  4  5 |
---------------+----------------+-----
Stealth        | 1 2 |  2.1
Short Blades   | 1 |  1.0
Poison Magic   | 1 |  1.2
Fighting       | |  1.9
Dodging        | |  2.5
Unarmed Combat | |  3.7
Spellcasting   | |  2.6
Transmutations | |  2.6

Action                   |  1- 3 |  4- 6 || total
-------------------------+-------+-------++-------
Melee: Unarmed           |    46 |    56 ||   102
       Constrict         |    20 |     2 ||    22
       Kick              |     9 |       ||     9
       Punch             |     1 |       ||     1
       Dagger            |    32 |     6 ||    38
       Tentacles         |    10 |       ||    10
Throw: Stone             |       |     1 ||     1
 Cast: Beastly Appendage |    12 |       ||    12
       Spider Form       |     5 |    11 ||    16
 Stab: Sleeping          |     7 |     2 ||     9
  Eat: Chunk             |     2 |     4 ||     6
Armor: Skin              |    12 |     3 ||    15
Dodge: Dodged            |    55 |    57 ||   112

Table legend:
 A = Spawn XP
 B = Non-spawn XP
 C = Spawn XP percentage of total XP
 D = Spawn monster count
 E = Non-spawn monster count
 F = Spawn count percentage of total count
 G = Total turns spent on level
                    A         B        C        D         E        F      G
               +---------+---------+-------+---------+---------+-------+---------
         Total |       0 |     224 |   0.0 |       0 |      60 |   0.0 |  2269
               +---------+---------+-------+---------+---------+-------+---------
           D:1 |       0 |      57 |   0.0 |       0 |      24 |   0.0 |   843
           D:2 |       0 |      21 |   0.0 |       0 |      11 |   0.0 |   603
           D:3 |       0 |     146 |   0.0 |       0 |      25 |   0.0 |   823
               +---------+---------+-------+---------+---------+-------+---------
